 Dungeon Crawl Stone Soup version 0.27.1-33-g824d729ab1 (webtiles) character file.

Game seed: 1783069976275314833

6 lonewolfV2 the Ducker (level 1, 0/20 HPs)
             Began as a Gnoll Wanderer on Dec 16, 2021.
             Constricted to death by a ball python (1 damage)
             ... on level 1 of the Dungeon.
             The game lasted 00:00:26 (200 turns).

lonewolfV2 the Ducker (Gnoll Wanderer)               Turns: 200, Time: 00:00:27

Health: 0/20       AC:  2    Str: 11    XL:     1   Next: 90%
Magic:  1/1        EV: 10    Int: 12    God:
Gold:   0          SH:  0    Dex: 10    Spells: 0/0 levels left

rFire    . . .     SeeInvis .   a - +2 quarterstaff
rCold    . . .     Faith    .   (shield currently unavailable)
rNeg     . . .     Spirit   .   d - +0 robe
rPois    .         Reflect  .   (no helmet)
rElec    .         Harm     .   (no cloak)
rCorr    .         Rampage  .   (no gloves)
Will     .....                  (no boots)
Stlth    ++........             (no amulet)
HPRegen  0.06/turn              (no ring)
MPRegen  0.07/turn              (no ring)

@: constricted
A: fangs 1, strong nose, distributed training
a: no special abilities


You were on level 1 of the Dungeon.
You visited 1 branch of the dungeon, and saw 1 of its levels.

Inventory:

Hand Weapons
 a - a +2 quarterstaff (weapon)
Armour
 d - a +0 robe (worn)
Potions
 b - a potion of lignification
 c - a potion of curing


   Skills:
 + Level 4.4 Fighting
 + Level 0.2 Short Blades
 + Level 0.2 Long Blades
 + Level 0.2 Axes
 + Level 0.2 Maces & Flails
 + Level 2.4 Polearms
 + Level 4.4 Staves
 + Level 0.2 Slings
 + Level 0.2 Bows
 + Level 0.2 Crossbows
 + Level 2.4 Throwing
 + Level 0.2 Armour
 + Level 4.4 Dodging
 + Level 2.2 Stealth
 + Level 2.4 Shields
 + Level 0.2 Unarmed Combat
 + Level 0.2 Spellcasting
 + Level 0.1 Conjurations
 + Level 0.1 Hexes
 + Level 0.1 Summonings
 + Level 0.1 Necromancy
 + Level 0.1 Translocations
 + Level 0.1 Transmutations
 + Level 0.1 Fire Magic
 + Level 0.1 Ice Magic
 + Level 0.1 Air Magic
 + Level 0.1 Earth Magic
 + Level 0.1 Poison Magic
 + Level 0.3 Invocations
 + Level 0.2 Evocations


You couldn't memorise any spells.
You didn't know any spells.
Your spell library was empty.

Dungeon Overview and Level Annotations

Branches:
Dungeon (1/15)

Altars:

Shops:
D:1 *


Innate Abilities, Weirdness & Mutations

You have very sharp teeth.
Your uncanny sense of smell can sniff out nearby items.
Your experience applies equally to all skills.


Message History

You sock the jackal!
You kill the jackal!
The ball python completely misses you. The ball python constricts you.
The jackal barely misses you.
You closely miss the jackal. The ball python bites you.
The ball python constricts you. The jackal barely misses you.
You hit the jackal.
The jackal is moderately wounded.
The ball python bites you but does no damage.
The ball python constricts you. The jackal closely misses you.
The ball python closely misses you. The ball python constricts you.
The jackal bites you.
You hit the jackal but do no damage.
The jackal is moderately wounded.
The jackal bites you. The ball python bites you.
The ball python constricts you.
You miss the jackal.
The jackal is moderately wounded.
The jackal closely misses you. The ball python barely misses you.
The ball python constricts you. The jackal barely misses you.
You closely miss the jackal.
The jackal is moderately wounded.
The ball python bites you. The ball python constricts you.
The jackal bites you but does no damage.
The ball python bites you. The ball python constricts you.
* * * LOW HITPOINT WARNING * * *
You barely miss the jackal.
The jackal is moderately wounded.
The jackal closely misses you. The ball python closely misses you.
The ball python constricts you.
* * * LOW HITPOINT WARNING * * *
The jackal bites you but does no damage.
You escape the ball python's grasp.
The ball python barely misses you. The ball python grabs you.
The ball python constricts you.
You closely miss the ball python. The jackal bites you.
* * * LOW HITPOINT WARNING * * *
The ball python bites you.
* * * LOW HITPOINT WARNING * * *
The ball python constricts you.
You die...

#.##.###### ...
#..)....... ..#
##...#####.. ##.### #.#
#8...8# #8..
......##.######...#####..
............##...##⌠##..
.. ...##..##..........
##.##.##S##..#8..........
.......h@†...##....†.....
.h.##.##.##.####8###⌠###8
#.##.##.#############
.....................
.....##..............
.....................
............###......
......................
####.#..##+#'##...#..


You could see 2 jackals and a ball python.

Vanquished Creatures
  2 ball pythons (D:1)
  A giant cockroach (D:1)
  A hobgoblin (D:1)
  A jackal (D:1)
5 creatures vanquished.

Notes
Turn   | Place    | Note
-------+----------+-------------------------------------------
     0 | D:1      | lonewolfV2 the Gnoll Wanderer began the quest for the Orb.
     0 | D:1      | lonewolfV2 set off with the following items: a +2
                  | quarterstaff, a potion of lignification, a potion of
                  | curing, a +0 robe
     0 | D:1      | Reached XP level 1. HP: 20/20 MP: 1/1
   184 | D:1      | Found Plog's General Store.
   200 | D:1      | HP: 1/20 [ball python (3)]
   200 | D:1      | Constricted to death by a ball python

Illustrated notes

Levels and vault maps discovered:
D:1:      heliophobic_arrival_battle_scene, layout_basic, serial_corexii_hall,
          corexii_hall_statues_u, chequers_hall_statues_corner_a, serial_shops,
          nicolae_shop_stone

Action                   || total
-------------------------++-------
Melee: Quarterstaff      ||    21
 Stab: Sleeping          ||     1
Armor: Robe              ||     7
Dodge: Dodged            ||    24
